 Dungeon Crawl Stone Soup version 0.15-a0-368-g875a5fb (webtiles) character file.

4515 4tharraofdagon the Basher (level 10, -20/91 HPs)
             Began as a Naga Monk on May 4, 2014.
             Was a High Priest of Cheibriados.
             Killed from afar by an efreet (28 damage)
             ... with a bolt of fire
             ... on Level 13 of the Dungeon.
             The game lasted 00:31:24 (4727 turns).

4tharraofdagon the Basher (Naga Monk)               Turns: 4727, Time: 00:31:24

HP -20/91        AC  9     Str 31      XL: 10   Next: 34%
MP  23/27        EV 18     Int 25 (28) God: Cheibriados [*****.]
Gold 156         SH  0     Dex 27      Spells:  0 memorised,  9 levels left

rFire  . . .     SeeInvis +     g - +12,+6 mace "Ecuk" {venom, rPois Str+1 SInv}
rCold  . . .     Clarity  .     A - +3 robe of Skiof {+Rage Int+2 Curse}
rNeg   . . .     Conserve .     (no shield)
rPois  +         rCorr    .     x - +0 helmet
rElec  .         rRot     .     K - +0 cloak
SustAb . .       Spirit   .     (no gloves)
rMut   .         Warding  .     (no barding)
Saprov . . .     Stasis   .     (no amulet)
MR     +....                    p - ring of magical power
                                H - +3 ring of evasion

@: about to teleport, very slow, somewhat resistant to hostile enchantments,
quite stealthy
A: spit poison, see invisible, deformed body, poison resistance, slowness 2, AC
+3
a: Spit Poison, Bend Time, Temporal Distortion, Slouch, Step From Time, Renounce
Religion, Evoke Berserk Rage


You were on level 13 of the Dungeon.
You worshipped Cheibriados.
Cheibriados was extremely pleased with you.
You were hungry.

You visited 2 branches of the dungeon, and saw 15 of its levels.

You collected 381 gold pieces.
You spent 225 gold pieces at shops.

Inventory:

Hand weapons
 g - the +12,+6 mace "Ecuk" (weapon) {venom, rPois Str+1 SInv}
   (You found it on level 6 of the Dungeon)

   It poisons the flesh of those it strikes.
   It affects your strength (+1).
   It protects you from poison.
   It enhances your eyesight.
Armour
 a - a +0 robe
 h - a +0 cloak
 u - the +1 hat "Daqiymati" {rC+ Dam-2}
   (You bought it in a shop on level 6 of the Dungeon)

   It affects your damage with ranged weapons and melee attacks (-2).
   It protects you from cold.
 x - a +0 helmet (worn)
 A - the +3 robe of Skiof (worn) {+Rage Int+2 Curse}
   (You found it on level 5 of the Dungeon)

   It affects your intelligence (+2).
   It lets you go berserk.
   It may recurse itself when equipped.
   Cheibriados disapproves of the use of such an item.
 I - a +2 ring mail of poison resistance
 K - a +0 cloak (worn)
Magical devices
 j - a wand of digging (4)
 q - a wand of draining (3)
 t - a wand of paralysis (7)
 B - a wand of slowing (9)
 L - a wand of disintegration (15)
Comestibles
 b - 11 bread rations
 l - 3 meat rations
 z - an apple
Scrolls
 c - a scroll of random uselessness
 d - 3 scrolls of enchant weapon II
 e - 2 scrolls of noise
 f - 3 scrolls of teleportation
 n - 2 scrolls of enchant weapon I
 r - a scroll of torment
 v - 2 scrolls of identify
 y - a scroll of remove curse
 E - a scroll of magic mapping {unknown}
Jewellery
 p - a ring of magical power (right hand)
 H - a +3 ring of evasion (left hand)
 J - an uncursed ring of fire
 M - an uncursed ring of protection from magic
Potions
 i - a potion of magic
 k - a potion of flight
 o - a potion of restore abilities
 s - 2 potions of brilliance
 D - a potion of poison
 F - a potion of berserk rage
 G - a potion of lignification
Books
 m - a book of Hinderance

   Spells                             Type                      Level
   Confusing Touch                    Hexes                        1
   Confuse                            Hexes                        3
   Petrify                            Transmutation/Earth          4
   Leda's Liquefaction                Hexes/Earth                  4
   Metabolic Englaciation             Hexes/Ice                    5
   Summon Mana Viper                  Hexes/Summoning              5


   Skills:
 + Level 6.3 Fighting
 * Level 9.1 Maces & Flails
 + Level 5.1 Dodging
 + Level 8.6 Stealth
 - Level 5.7 Unarmed Combat
 + Level 5.3 Invocations
 - Level 2.2 Evocations


You had 9 spell levels left.
You didn't know any spells.

Dungeon Overview and Level Annotations

Branches:
Dungeon (14/15)            Temple (1/1) D:6
    Orc: D:9-12        Lair: D:8-11      Vaults: D:13-14

Altars:
Ashenzari
Cheibriados
Dithmenos
Elyvilon
Fedhas
Kikubaaqudgha
Makhleb
Nemelex Xobeh
Okawaru
Sif Muna
Trog
Vehumet
Xom
Yredelemnul
Zin
The Shining One

Shops:
D:6 [   D:7 (   D:11 :

Annotations:
D:3 4tharraofdagon's ghost, weakling NaMo
D:8 braks' ghost, experienced DsGl


Innate Abilities, Weirdness & Mutations

You cannot wear boots.
You can spit poison.
Your serpentine skin is tough (AC +3).
You have supernaturally acute eyesight.
Armour fits poorly on your strangely shaped body.
Your system is resistant to poisons.
You cover ground very slowly.


Message History

Read which item? (? for menu, Esc to quit)
As you read the scroll of teleportation, it crumbles to dust.
You feel strangely unstable. The efreet throws fire at you.
The fireball explodes!
The fireball engulfs you!
One of your 4 scrolls of teleportation catches fire!
Unknown command.
Use which ability? (? or * to list)
You warp the flow of time around you!
You feel somewhat more hungry.
A shadow comes into view.
Unknown command.
The efreet throws fire at you.
The fireball explodes!
The fireball engulfs you!
Your scroll of fear catches fire!
* * * LOW HITPOINT WARNING * * *
The fireball engulfs the wyvern skeleton.
The wyvern skeleton is destroyed!
The efreet throws fire at you. The bolt of fire hits you!
You die...

#.........'..# #........
#.........##.###.......<
#........>##..##........
+.........###..'........
#.........# ####........
##'######## #........
#...§.# ####'####
#####R###### #.))#
#...§@....# ###)##
#.........# #..#
+....W....# ##.#
#.........# #.#
#.........# #.#
#$........# #..
######'#### ##. .# #. .
#.


You could see an efreet and a shadow.

Vanquished Creatures
  A wraith (D:10)
  A wyvern (D:11)
  A spriggan (D:7)
  A hungry ghost (D:10)
  An ugly thing (D:11)
  2 hippogriffs
  A soldier ant (D:11)
  A water moccasin (D:8)
  A black bear (D:10)
  3 orc warriors
  A sky beast (D:6)
  7 centaurs
  Duvessa (D:9)
  4 giant frogs
  2 ogres
  A brain worm (D:12)
  A komodo dragon skeleton (D:8)
  A scorpion (D:8)
  A troll skeleton (D:7)
  4 wights
  Dowan (D:9)
  A giant frog zombie (D:8)
  A centaur zombie (D:11)
  5 crimson imps
  A big fish (D:8)
  2 jellies
  A giant frog skeleton (D:5)
  2 orc priests (D:7)
  A quasit (D:8)
  2 iguanas
  An elf skeleton (D:9)
  4 hounds
  5 orc wizards
  7 worker ants
  A worker ant zombie (D:11)
  14 adders
  3 shadow imps
  A giant mite (D:7)
  A worm (D:6)
  2 adder skeletons
  An orc skeleton (D:4)
  A giant eyeball (D:7)
  4 giant geckos
  An ooze (D:5)
  35 orcs
  6 giant cockroaches
  13 hobgoblins
  5 jackals
  3 quokkas
  9 bats
  A giant gecko skeleton (D:6)
  A giant newt (D:5)
  A giant spore (D:7)
  8 goblins
  3 kobolds
  13 rats
  2 ballistomycetes (D:7)
199 creatures vanquished.

Vanquished Creatures (others)
  A wyvern skeleton (D:13)
  An orc wizard (D:5)
2 creatures vanquished.

Grand Total: 201 creatures vanquished

Notes
Turn   | Place    | Note
--------------------------------------------------------------
     0 | D:1      | 4tharraofdagon, the Naga Monk, began the quest for the Orb.
     0 | D:1      | Reached XP level 1. HP: 21/21 MP: 1/1
     0 | D:1      | Lets not succumb to poison now
    88 | D:1      | Reached XP level 2. HP: 28/28 MP: 2/2
   288 | D:2      | Reached XP level 3. HP: 21/34 MP: 3/3
   346 | D:3      | Noticed a scorpion
   395 | D:3      | whats that
   435 | D:3      | Found an ancient bone altar of Kikubaaqudgha.
   435 | D:3      | Found a burning altar of Makhleb.
   435 | D:3      | Found a glowing golden altar of the Shining One.
   479 | D:3      | Reached skill level 5 in Unarmed Combat
   511 | D:3      | HP: 1/34 [kobold/short sword (5)]
   527 | D:3      | Noticed 4tharraofdagon's ghost (weakling NaMo)
   572 | D:3      | Reached XP level 4. HP: 8/42 MP: 4/4
   575 | D:3      | You fall through a shaft!
   575 | D:6      | Found a staircase to the Ecumenical Temple.
   575 | D:6      | Noticed a centaur
   577 | D:6      | :D
   661 | D:6      | Killed a centaur
   661 | D:6      | Reached XP level 5. HP: 24/49 MP: 5/5
   669 | Temple   | Entered the Ecumenical Temple
   692 | Temple   | Became a worshipper of Cheibriados the Contemplative
   751 | D:5      | Entered Level 5 of the Dungeon
   856 | D:6      | Noticed a sky beast
   862 | D:6      | Got a steaming mace
   863 | D:6      | Identified the +12,+6 mace "Ecuk" {venom, rPois Str+1 SInv} (You found it on level 6 of the Dungeon)
   877 | D:6      | Noticed an ogre
   889 | D:6      | Killed an ogre
   896 | D:6      | Found Vuxt's Antique Armour Shop.
   918 | D:6      | Killed a sky beast
   918 | D:6      | Reached XP level 6. HP: 26/56 MP: 6/6
   934 | D:6      | Noticed a giant frog
   942 | D:6      | Killed a giant frog
  1131 | D:6      | Noticed an ice beast
  1134 | D:6      | WHY
  1175 | D:7      | Reached XP level 7. HP: 62/62 MP: 7/7
  1179 | D:7      | Reached skill level 5 in Maces & Flails
  1199 | D:7      | Noticed a spriggan baker
  1204 | D:7      | Killed a spriggan baker
  1204 | D:7      | Reached skill level 1 in Invocations
  1299 | D:7      | Found an iron altar of Okawaru.
  1349 | D:7      | Acquired Cheibriados' first power
  1364 | D:7      | Found Fuibif's Weapon Emporium.
  1491 | D:9      | Noticed a vampire
  1540 | D:8      | Reached XP level 8. HP: 62/72 MP: 10/10
  1672 | D:9      | Reached skill level 6 in Maces & Flails
  1701 | D:9      | Noticed Dowan
  1900 | D:9      | Noticed a hippogriff
  1907 | D:9      | Killed a hippogriff
  1907 | D:9      | Reached skill level 5 in Stealth
  1958 | D:10     | Entered Level 10 of the Dungeon
  1990 | D:11     | Noticed a gargoyle
  2081 | D:11     | Noticed a hill giant
  2166 | D:12     | Noticed a four-headed hydra
  2215 | D:11     | Acquired Cheibriados' second power
  2229 | D:11     | Found a glowing golden altar of the Shining One.
  2234 | D:11     | Found Waifuif's Book Shoppe.
  2241 | D:11     | Noticed a basilisk
  2279 | D:11     | Reached skill level 7 in Maces & Flails
  2353 | D:11     | Reached XP level 9. HP: 80/80 MP: 15/15
  2375 | D:11     | Paralysed by a centaur for 3 turns
  2396 | D:11     | Reached skill level 5 in Fighting
  2622 | D:8      | Noticed braks' ghost (experienced DsGl)
  2704 | D:6      | Noticed an orc warrior
  2769 | D:6      | Bought an ichor-stained hat for 225 gold pieces
  2772 | D:6      | Identified the cursed +1 hat "Daqiymati" {rC+ Dam-2} (You bought it in a shop on level 6 of the Dungeon)
  2851 | D:5      | Acquired Cheibriados' third power
  3269 | D:5      | Reached skill level 8 in Maces & Flails
  3274 | D:5      | Got an ominously black robe
  3285 | D:5      | Identified the +3 robe of Skiof {+Rage Int+2 Curse} (You found it on level 5 of the Dungeon)
  3307 | D:5      | Noticed a moth of wrath
  3309 | D:5      | Found a bloodstained altar of Trog.
  3453 | D:6      | Noticed a giant frog
  3457 | D:6      | Killed a giant frog
  3558 | D:7      | Reached skill level 1 in Evocations
  3652 | D:8      | Noticed a hippogriff
  3661 | D:8      | Killed a hippogriff
  3680 | D:8      | Reached XP level 10. HP: 49/91 MP: 18/18
  3849 | D:9      | Noticed Duvessa
  3862 | D:9      | Killed Duvessa
  3862 | D:9      | Reached skill level 5 in Invocations
  3872 | D:9      | Killed Dowan
  4226 | D:10     | Reached skill level 5 in Dodging
  4451 | D:10     | Reached skill level 9 in Maces & Flails
  4680 | D:13     | Noticed a giant orange brain
  4727 | D:13     | Killed from afar by an efreet

Action                   |  1- 3 |  4- 6 |  7- 9 | 10-12 || total
-------------------------+-------+-------+-------+-------++-------
Melee: Unarmed           |    45 |    10 |       |       ||    55
       Mace              |       |    24 |   278 |   113 ||   415
Invok: Slouch            |       |       |       |     2 ||     2
       Temporal Distorti |       |       |       |     1 ||     1
 Abil: Spit Poison       |    30 |    16 |    29 |     1 ||    76
Evoke: Wand              |       |       |     3 |     4 ||     7
  Use: Potion            |     1 |     1 |       |     3 ||     5
       Scroll            |       |     3 |    11 |     4 ||    18
 Stab: Sleeping          |       |       |     9 |     8 ||    17
       Distracted        |       |       |     1 |     1 ||     2
       Invisible         |       |       |       |     3 ||     3
